 Dungeon Crawl Stone Soup version 0.27.0-1-g7a089689b8 (webtiles) character file.

Game seed: 1234392910927900320

7 rvierbuc the Insei (level 2, -2/22 HPs)
             Began as a Djinni Transmuter on Aug 4, 2021.
             Slain by a hobgoblin (5 damage)
             ... on level 1 of the Dungeon.
             The game lasted 00:03:54 (89 turns).

rvierbuc the Insei (Djinni Transmuter)                Turns: 89, Time: 00:03:55

Health: -2/22      AC:  2    Str:  9    XL:     2   Next: 10%
Gold:   0          EV: 12    Int: 14    God:
                   SH:  0    Dex: 13

rFire    + + .     SeeInvis .     - Unarmed
rCold    x . .     Faith    .   (no shield)
rNeg     . . .     Spirit   .   a - +0 robe
rPois    ∞         Reflect  .   (helmet currently unavailable)
rElec    .         Harm     .   (no cloak)
rCorr    .         Rampage  .   (no gloves)
Will     .....                  (boots unavailable)
Stlth    +.........             (no amulet)
HPRegen  0.07/turn              (no ring)
MPRegen  0.00/turn              (no ring)

@: appendages (expiring), flying
A: horns 2, flying, sickness immunity, fire resistance 2, cold vulnerability 1,
float, innate caster, hp casting, extra vitality 1
a: End Transformation


You were on level 1 of the Dungeon.
You had temporarily grown beastly horns.
You visited 1 branch of the dungeon, and saw 1 of its levels.

Inventory:

Armour
 a - a +0 robe (worn)
Scrolls
 b - a scroll of identify {unknown}


   Skills:
 + Level 1.0 Fighting
 + Level 2.1 Dodging
 + Level 3.3 Unarmed Combat
 + Level 1.8 Spellcasting


You couldn't memorise any spells.
You knew the following spells:

 Your Spells              Type           Power      Damage    Failure   Level
a - Beastly Appendage     Tmut           12%        N/A       12%         1
b - Wereblood             Tmut           6%         N/A       17%         2
c - Spider Form           Tmut/Pois      3%         N/A       34%         3
d - Ice Form              Ice/Tmut       6%         N/A       75%         4
Your spell library was empty.

Dungeon Overview and Level Annotations

Branches:
Dungeon (1/15)

Altars:


Innate Abilities, Weirdness & Mutations

You have temporarily grown beastly horns.
You are flying.
You are immune to sickness and miasma.
You are immune to poison.
Your flesh is very heat resistant. (rF++)
You are vulnerable to cold. (rC-)
You float through the air rather than walking.
You learn spells naturally, not from books.
Your magical power is your life essence.
You have superior vitality. (+4 HP)


Message History

You hit the goblin.
You kill the goblin!
You have reached level 2!
You hit the goblin.
The goblin is severely wounded.
The goblin closely misses you.
You hit the goblin.
You kill the goblin!
Things that are here:
a +0 club; a +0 club; a goblin corpse You are a level 2 Djinni Transmuter.
You are 10% of the way to level 3.
Play time: 00:02:36 (71 turns).
Zot will find you in 5930 turns if you stay in this branch and explore no new floors.
Unknown command.
There's nothing to close nearby.
Unknown command.
Things that are here:
a ball python corpse; a hobgoblin corpse Unknown command.
Unknown command.
Your magical contamination has completely faded away.
A hobgoblin comes into view.
The hobgoblin shouts!
Casting: Beastly Appendage (safe; 12% risk of failure)
Confirm with . or Enter, or press ? or * to list all spells.
You grow a pair of large bovine horns.
* * * LOW HITPOINT WARNING * * *
Your transformation is almost over.
You hit the hobgoblin.
The hobgoblin is heavily wounded.
The hobgoblin hits you.
* * * LOW HITPOINT WARNING * * *
You hit the hobgoblin but do no damage.
The hobgoblin is heavily wounded.
The hobgoblin hits you.
* * * LOW HITPOINT WARNING * * *
You barely miss the hobgoblin.
The hobgoblin is heavily wounded.
The hobgoblin hits you.
You die...

#.##.# .#
#.##.######...
#.##.#........
##########....#.#...#.#
+......................
#.........#####.#
#.########.)....#
######.########†####.#
#.......@g...##.# ##.#
#.....#.####.##.#...
#.....#.# #.##.#.##.#
##+####.# #.##......#
#.# #.##.####.# #.#
#.##.#..#.# ..#
#.##......#### ###
#.#####.......
#.......#.####


You could see a hobgoblin.

Vanquished Creatures
  An endoplasm (D:1)
  2 goblins (D:1)
  A hobgoblin (D:1)
  A quokka (D:1)
  A ball python (D:1)
6 creatures vanquished.

Notes
Turn   | Place    | Note
-------+----------+-------------------------------------------
     0 | D:1      | rvierbuc the Djinni Transmuter began the quest for the Orb.
     0 | D:1      | Reached XP level 1. HP: 17/17 MP: 0/0
    68 | D:1      | Reached XP level 2. HP: 5/22 MP: 0/0
    89 | D:1      | Slain by a hobgoblin

Illustrated notes

Levels and vault maps discovered:
D:1:      lemuel_arrival_hallway, layout_basic,
          shapermc_ecumenical_altar_rom_forum, minivault_23,
          hangedman_feature_mirror, ebering_dispersal_statue_hall,
          minmay_split_cup_large

Action                   || total
-------------------------++-------
Melee: Unarmed           ||    28
 Cast: Beastly Appendage ||     1
Armor: Robe              ||     4
Dodge: Dodged            ||    14
